 Dungeon Crawl Stone Soup version 0.23-a0-811-gf4b81dc (webtiles) character file.

93 Jayce the Skirmisher (level 4, -5/30 HPs)
             Began as a Gargoyle Fighter on Jan 21, 2019.
             Killed from afar by Ijyb (9 damage)
             ... with a wand of flame (18)
             ... on level 2 of the Dungeon.
             The game lasted 00:04:11 (1916 turns).

Jayce the Skirmisher (Gargoyle Fighter)             Turns: 1916, Time: 00:04:12

Health: -5/30      AC: 15    Str: 21    XL:     4   Next: 61%
Magic:  4/4        EV:  7    Int:  8    God:
Gold:   152        SH:  9    Dex:  9    Spells: 3/3 levels left

rFire    . . .     SeeInvis .   a - +0 flail
rCold    . . .     Gourm    .   c - +0 shield
rNeg     + . .     Faith    .   b - +0 scale mail
rPois    ∞         Spirit   .   e - +2 helmet
rElec    +         Reflect  .   (no cloak)
rCorr    .         Harm     .   (no gloves)
MR       .....                  h - +0 pair of boots
Stlth    ..........             (no amulet)
HPRegen  0.10/turn              (no ring)
MPRegen  0.09/turn              (no ring)

@: no status effects
A: negative energy resistance 1, electricity resistance, unbreathing,
petrification resistance, rot immunity, AC +3
a: no special abilities


You were on level 2 of the Dungeon.
You were not hungry.

You visited 1 branch of the dungeon, and saw 3 of its levels.

You collected 152 gold pieces.

Inventory:

Hand Weapons
 a - a +0 flail (weapon)
Armour
 b - a +0 scale mail (worn)
 c - a +0 shield (worn)
 e - a +2 helmet (worn)
 h - a +0 pair of boots (worn)
Wands
 u - a wand of digging (1)
Scrolls
 g - a scroll of immolation {unknown}
 i - 2 scrolls of random uselessness {unknown}
 j - 2 scrolls of remove curse {unknown}
 m - a scroll of amnesia {unknown}
 n - 2 scrolls of teleportation {unknown}
 q - a scroll of noise {unknown}
 r - a scroll of enchant armour {unknown}
 t - a scroll of enchant weapon {unknown}
 v - a scroll of identify {unknown}
Potions
 d - a potion of might
 k - 2 potions of agility {unknown}
 l - a potion of resistance {unknown}
 o - a potion of curing {unknown}
 p - 2 potions of degeneration {unknown}
Comestibles
 f - 3 rations
 s - 5 chunks of flesh


   Skills:
 * Level 4.4 Fighting
 - Level 2.0 Maces & Flails
 * Level 4.4 Armour
 + Level 1.2 Dodging
 - Level 3.2 Shields


You had 3 spell levels left.
You didn't know any spells.
Your spell library was empty.

Dungeon Overview and Level Annotations

Branches:
Dungeon (3/15)

Altars:
Elyvilon
Gozag
Trog
Vehumet

Annotations:
D:2 Ijyb


Innate Abilities, Weirdness & Mutations

You are resistant to torment.
Your stone body is resilient. (AC +3)
You are immune to poison.
You resist negative energy. (rN+)
You are resistant to electric shocks. (rElec)
You can survive without breathing.
You are immune to petrification.
You are immune to rotting.


Message History

Ijyb hits you but does no damage. You block the worm's attack.
Ijyb hits you but does no damage.
Unknown command.
Your shield and scale mail prevent you from hitting Ijyb.
Ijyb is heavily wounded.
Ijyb zaps a wand.
You block the puff of flame. The worm bites you.
* * * LOW HITPOINT WARNING * * *
Unknown command.
Your shield and scale mail prevent you from hitting Ijyb.
Ijyb is heavily wounded.
You block Ijyb's attack. The worm barely misses you.
Unknown command.
There is a stone staircase leading down here.
Ijyb screams, "Me stronger than you!"
There is a stone staircase leading up here.
Ijyb hits you but does no damage.
You climb upwards.
There is a stone staircase leading down here.
Ijyb zaps a wand.
The puff of flame hits you!
You die...

#####.##.....# #.# #.
#..........# #.#####.
#.#.#......# #.......
#.#.#......# #.#...##
#...#.#...## #.#####
#.###......## #.# #...........#
#.# ####.#.##>g...## #.#
#.......#@.....####.#
#.##..#...#.........#
########.##.###..##.#......# ####
#........##..#......#..##.## #...
#.#####..###...........##.####.#.
#.# ###.......##......###.##.....
..# #......######...#####.##.#.#.
### #.#.##.# #.........##.#.#.
#.#.##.# #...########.#.#.


You could see Ijyb.

Vanquished Creatures
  3 adders
  3 worms
  A dart slug (D:1)
  An orc (D:3)
  6 giant cockroaches
  7 goblins
  7 hobgoblins
  2 jackals (D:3)
  A quokka (D:3)
  5 bats
  3 frilled lizards
  6 kobolds
  9 rats
54 creatures vanquished.

Notes
Turn   | Place    | Note
-------+----------+-------------------------------------------
     0 | D:1      | Jayce the Gargoyle Fighter began the quest for the Orb.
     0 | D:1      | Reached XP level 1. HP: 14/14 MP: 1/1
   138 | D:1      | Reached XP level 2. HP: 19/19 MP: 2/2
   328 | D:1      | You fall through a shaft!
   655 | D:1      | Reached XP level 3. HP: 24/24 MP: 3/3
  1320 | D:2      | Reached skill level 1 in Dodging
  1414 | D:2      | Reached XP level 4. HP: 29/29 MP: 4/4
  1631 | D:3      | Found a radiant altar of Vehumet.
  1665 | D:3      | Found a bloodstained altar of Trog.
  1668 | D:3      | Found an opulent altar of Gozag.
  1764 | D:3      | Found a white marble altar of Elyvilon.
  1890 | D:3      | Noticed Ijyb
  1916 | D:2      | Killed from afar by Ijyb

Vault maps used:
D:1:      scummos_arrival_simple_crosswalls, minmay_indecisive_spiral
D:3:      minitemple, first_ration, elyvilon_altar_4, uniq_ijyb

Skill      XL: |  1  2  3 |
---------------+----------+-----
Fighting       | 4 |  4.4
Armour         | 4 |  4.4
Dodging        | 1 |  1.2
Maces & Flails | |  2.0
Shields        | |  3.2

Action                   |  1- 3 |  4- 6 || total
-------------------------+-------+-------++-------
Melee: Flail             |   156 |    71 ||   227
  Eat: Chunk             |     2 |     2 ||     4
Armor: Scale mail        |   127 |    43 ||   170
Dodge: Dodged            |    62 |    26 ||    88
Block: Shield            |    99 |    46 ||   145

Table legend:
 A = Non-vault XP
 B = Vault XP
 C = Vault XP percentage of total XP
 D = Non-vault monster count
 E = Vault monster count
 F = Vault count percentage of total count
                 A         B        C        D         E       F
            +---------+---------+-------+---------+---------+-------
      Total |     127 |       6 |   4.5 |      50 |       4 |   7.4
            +---------+---------+-------+---------+---------+-------
        D:1 |      31 |       6 |  16.2 |      19 |       4 |  17.4
        D:2 |      48 |       0 |   0.0 |      17 |       0 |   0.0
        D:3 |      48 |       0 |   0.0 |      14 |       0 |   0.0
            +---------+---------+-------+---------+---------+-------
